 Dungeon Crawl Stone Soup version 0.31.0-12-g77e489cdc1 (webtiles) character file.

Game seed: 7739230770340391825

4 RancidPinata the Sneak (level 1, -2/14 HPs)
             Began as a Gargoyle Delver on Feb 20, 2024.
             Was an Initiate of Elyvilon.
             Slain by an adder (3 damage)
             ... on level 5 of the Dungeon.
             The game lasted 00:02:31 (657 turns).

RancidPinata the Sneak (Gargoyle Delver)             Turns: 657, Time: 00:02:32

Health: -2/14      AC:  5    Str: 15    XL:     1   Next: 70%
Magic:  1/1        EV: 11    Int: 10    God:    Elyvilon [......]
Gold:   22         SH:  0    Dex: 11    Spells: 0/0 levels left

rFire   . . .        a - +0 mace
rCold   . . .        (no shield)
rNeg    + . .        b - +0 leather armour
rPois   ∞            (no helmet)
rElec   +            (no cloak)
rCorr   .            (no gloves)
SInv    .            (no boots)
Will    .....        (no amulet)
Stlth   +++          (no ring)
HPRegen 0.22/turn    (no ring)
MPRegen 0.07/turn

%: no passive effects
@: no status effects
A: sickness immunity, AC +2, negative energy resistance 1, electricity
resistance, torment resistance 1, petrification resistance
a: Renounce Religion


You were on level 5 of the Dungeon.
You worshipped Elyvilon.
Elyvilon was noncommittal.
You visited 2 branches of the dungeon, and saw 4 of its levels.

You collected 22 gold pieces.

Inventory:

Hand Weapons
 a - a +0 mace (weapon)
Armour
 b - a +0 leather armour (worn)
Jewellery
 h - a ring of ice
Wands
 g - a wand of digging (3)
Scrolls
 c - a scroll of fog
 d - a scroll of revelation
 e - a scroll of fear
 j - a scroll of enchant armour {unknown}
 k - a scroll of noise {unknown}
Potions
 f - 2 potions of haste
 i - a potion of curing {unknown}


   Skills:
 * Level 3.4 Fighting
 + Level 2.0 Maces & Flails
 * Level 0.4 Armour
 + Level 1.6 Dodging
 + Level 5.5 Stealth


You couldn't memorise any spells.
You didn't know any spells.
Your spell library was empty.

Dungeon Overview and Level Annotations

Branches:
Dungeon (6/15)             Temple (1/1) D:6

Altars:
Ashenzari
Cheibriados
Dithmenos
Elyvilon
Fedhas
Gozag
Hepliaklqana
Kikubaaqudgha
Makhleb
Nemelex Xobeh
Qazlal
Sif Muna
Trog
Vehumet
Yredelemnul
Zin

Annotations:
D:4 Grinder
D:5 Prince Ribbit


Innate Abilities, Weirdness & Mutations

You are immune to sickness and miasma.
Your stone body is resilient. (AC +2)
You are immune to poison.
You resist negative energy. (rN+)
You are resistant to electric shocks. (rElec)
You are resistant to unholy torment.
You are immune to petrification.


Message History

You start resting.
A jackal is nearby!
You see here a jackal corpse.
You see here a jackal corpse.
You start waiting.
Done waiting.
k - a scroll labelled MAOSMI SOUFU Prince Ribbit comes into view.
An adder comes into view.
The adder hisses angrily.
The adder closely misses you.
You closely miss the adder. The adder misses you.
You barely miss the adder. The adder bites you. The adder closely misses you.
You thump the adder!
The adder is almost dead.
The adder misses you. The adder bites you but does no damage.
You closely miss the adder.
The adder is almost dead.
The adder barely misses you. The adder closely misses you.
You miss the adder.
The adder is almost dead.
The adder bites you.
You miss the adder.
The adder is almost dead.
The adder bites you but does no damage. The adder bites you.
You miss the adder.
The adder is almost dead.
The adder bites you.
* * * LOW HITPOINT WARNING * * *
The adder bites you. Elyvilon protects you from harm!
An adder is nearby!
You miss the adder.
The adder is almost dead.
The adder bites you.
* * * LOW HITPOINT WARNING * * *
You barely miss the adder.
The adder is almost dead.
The adder bites you.
You die...

########....#
####.# #....
#.#.# #...>
#.... #....
#.###### #.#.#
#...S@.# #....
######.# .....
#....#.# #.##.
#.##.#.# #. #.#
#.#..#.# # #.
#.#.##.########
#
#.#....#......#
##
#.###########.#
.. #......# #.#
##


You could see an adder.

Vanquished Creatures
  An orc (D:5)
  2 jackals (D:5)
3 creatures vanquished.

Notes
Turn   | Place    | Note
-------+----------+-------------------------------------------
     0 | D:5      | RancidPinata the Gargoyle Delver began the quest for the
                  | Orb.
     0 | D:5      | Reached XP level 1. HP: 14/14 MP: 1/1
     6 | D:6      | Noticed an orc priest
   128 | D:6      | Found a staircase to the Ecumenical Temple.
   137 | Temple   | Entered the Ecumenical Temple
   163 | Temple   | Became a worshipper of Elyvilon the Healer
   207 | D:6      | Noticed a black bear
   237 | D:5      | Noticed an orc priest
   239 | D:5      | Noticed an orc priest
   303 | D:4      | Noticed Grinder
   324 | D:4      | Noticed a sleepcap
   401 | D:5      | Noticed a sleepcap
   591 | D:5      | Noticed Prince Ribbit
   655 | D:5      | Elyvilon protects you from harm!
   657 | D:5      | Slain by an adder

Illustrated notes

Levels and vault maps discovered:
D:4:      layout_basic, uniq_grinder
D:5:      layout_loops_cross, patterned_corridor, uniq_prince_ribbit1
D:6:      layout_basic, lemuel_doored_altar, minmay_temple_entry_waves,
          enter_ossuary_5, ebering_ghost_reflecting_pool
Temple:   nicolae_temple_elliptical

Action                     || total
---------------------------++-------
  Melee: Mace              ||    24
 Armour: Leather armour    ||    21
  Dodge: Dodged            ||    19
